 Seeded DCSS version 0.28-a0-1555-g9ae15a6949 (webtiles) character file.

Game seed: 31 (custom seed)

274 knot the Chopper (level 6, -1/47 HPs)
             Began as a Demonspawn Berserker on Jan 19, 2022.
             Was a Believer of Trog.
             Slain by Edmund (5 damage)
             ... on level 5 of the Dungeon.
             The game lasted 00:03:27 (3828 turns).

knot the Chopper (Demonspawn Berserker)             Turns: 3828, Time: 00:03:28

Health: -1/47      AC:  3    Str: 23    XL:     6   Next: 3%
Magic:  6/6        EV: 12    Int: 10    God:    Trog [**....]
Gold:   121        SH:  0    Dex: 13    Spells: 5/5 levels left

rFire   . . .      SeeInvis .   a - +0 hand axe
rCold   . . .      Faith    .   (no shield)
rNeg    . . .      Spirit   .   b - +0 animal skin
rPois   +          Reflect  .   (helmet restricted)
rElec   .          Harm     .   (no cloak)
rCorr   .          Rampage  .   (no gloves)
Will    .....                   e - +0 pair of boots
Stlth   +.........              m - amulet of magic regeneration
HPRegen 0.15/turn               f - ring of poison resistance
MPRegen 0.50/turn               g - +6 ring of strength

@: about to teleport, marked
A: horns 1, powered by death 2
a: Renounce Religion, Berserk, Trog's Hand


You were on level 5 of the Dungeon.
You worshipped Trog.
Trog was pleased with you.
You visited 1 branch of the dungeon, and saw 5 of its levels.

You collected 121 gold pieces.

Inventory:

Hand Weapons
 a - a +0 hand axe (weapon)
Missiles
 d - 47 stones
 h - 8 poisoned darts (quivered)
Armour
 b - a +0 animal skin (worn)
 e - a +0 pair of boots (worn)
Jewellery
 f - a ring of poison resistance (left hand)
 g - a +6 ring of strength (right hand)
 m - an amulet of magic regeneration (around neck)
Scrolls
 j - a scroll of amnesia {unknown}
 l - a scroll of fog {unknown}
Potions
 c - a potion of curing
 k - a potion of mutation
 n - a potion of attraction {unknown}


   Skills:
 - Level 3.0 Fighting
 * Level 6.2 Axes
 * Level 0.0 Throwing
 - Level 1.7 Armour
 - Level 1.7 Dodging


You had 5 spell levels left.
You didn't know any spells.
Your spell library was empty.

Dungeon Overview and Level Annotations

Branches:
Dungeon (5/15)
 Temple: D:4-7

Altars:
Dithmenos
Hepliaklqana
Vehumet
Xom
Yredelemnul
Zin

Shops:
D:3 !   D:5 (=

Annotations:
D:4 2 transporters, issech's ghost, amateur TrFi
D:5 Edmund; Prince Ribbit


Innate Abilities, Weirdness & Mutations

You have a pair of small horns on your head.
You regenerate health from kills.


Message History

Press: ? - help, Q - select action, (/) - cycle Shift-Dir - straight line, f - Prince Ribbit
Aim: Prince Ribbit (34% to hit)
You throw a poisoned dart. The poisoned dart misses Prince Ribbit.
Prince Ribbit blinks!
Unknown command.
Okay, then.
Edmund the Younger comes into view.
He is wielding a +3 flail of protection.
Prince Ribbit blinks!
Edmund drinks a potion.
Edmund seems to speed up.
Prince Ribbit blinks!
A water moccasin comes into view.
A howler monkey skeleton comes into view.
The hound closely misses you.
You see here a +0 long sword.
The hound closely misses you. x2
A howler monkey comes into view.
The hound bites you.
An orc comes into view. It is wielding a +0 trident.
The adder bites you.
You are poisoned.
The adder poisons you! The adder misses you.
You feel sick. The howler monkey barely misses you.
Edmund hits you with a +3 flail of protection.
You feel sick.
The howler monkey skeleton barely misses you.
You feel sick.
Prince Ribbit blinks!
Edmund hits you with a +3 flail of protection!
You feel sick.
You are no longer poisoned.
The adder bites you. The howler monkey misses you.
Edmund hits you with a +3 flail of protection!
* * * LOW HITPOINT WARNING * * *
An iguana comes into view.
The howler monkey hoots and howls with incredible vigour!
Edmund hits you with a +3 flail of protection!
* * * LOW HITPOINT WARNING * * *
As you read the scroll of teleportation, it crumbles to dust.
You feel strangely unstable.
Edmund says, "You wouldn't believe how much I paid for this flail."
Edmund hits you with a +3 flail of protection.
You die...

... ........ ## .......#
..#.#.....# .## ....#......
..#. #+######..#..#.##
....###.#.#.[l........###
......#.#.#h.###.....##.###
.....h#∩#.@@#..#.....)....#
......#..##ShS...#........#
..(...#..#...#Z..#.F.##...#
##..###<###.##.o...####....
... #.#...###.∩...####..#
.. #.#.#.# ###..###..F.. .
#+###.# ##o(#...... ...
.......... ... #.###......


You could see Edmund (fast), a water moccasin, a howler monkey, an iguana, a
hound, an adder, an orc and a howler monkey skeleton.

Vanquished Creatures
  A scorpion (D:4)
  A water moccasin skeleton (D:4)
  A hound (D:4)
  An orc priest (D:5)
  4 adders
  An adder skeleton (D:4)
  A dart slug (D:2)
  5 orcs
  8 ball pythons
  5 endoplasms
  5 giant cockroaches
  2 goblins (D:2)
  5 hobgoblins
  4 jackals (D:1)
  4 kobolds
  4 quokkas
  5 bats
  2 frilled lizards
  8 rats
67 creatures vanquished.

Notes
Turn   | Place    | Note
-------+----------+-------------------------------------------
     0 | D:1      | knot the Demonspawn Berserker began the quest for the Orb.
     0 | D:1      | Reached XP level 1. HP: 18/18 MP: 1/1
   242 | D:1      | Reached skill level 3 in Axes
   411 | D:1      | Gained mutation: You have a pair of small horns on your
                  | head. [demonic ancestry]
   411 | D:1      | Reached XP level 2. HP: 21/24 MP: 2/2
  1141 | D:2      | Gained mutation: You regenerate a little health from kills.
                  | [demonic ancestry]
  1141 | D:2      | Reached XP level 3. HP: 18/29 MP: 3/3
  1222 | D:2      | Reached skill level 4 in Axes
  1465 | D:2      | Found a faded altar of an unknown god.
  1691 | D:2      | Reached ** piety under Trog
  1692 | D:2      | Gained mutation: You regenerate health from kills. [demonic
                  | ancestry]
  1692 | D:2      | Reached XP level 4. HP: 29/35 MP: 4/4
  2156 | D:3      | Found Saberiv's Distillery.
  2600 | D:4      | Noticed a scorpion
  2608 | D:4      | Killed a scorpion
  2609 | D:4      | Reached skill level 5 in Axes
  2609 | D:4      | Reached XP level 5. HP: 41/41 MP: 5/5
  3177 | D:4      | Reached skill level 6 in Axes
  3456 | D:4      | Found a transporter.
  3457 | D:4      | Noticed issech's ghost (amateur TrFi)
  3458 | D:4      | Noticed an ogre
  3458 | D:4      | Noticed an ogre
  3474 | D:4      | Found a transporter.
  3542 | D:4      | Found a shimmering altar of Xom.
  3544 | D:4      | Found a hazy altar of Hepliaklqana.
  3546 | D:4      | Found a radiant altar of Vehumet.
  3546 | D:4      | Found a shadowy altar of Dithmenos.
  3546 | D:4      | Found a basalt altar of Yredelemnul.
  3667 | D:5      | Entered Level 5 of the Dungeon
  3667 | D:5      | Found Woream's Antique Weapon Shop.
  3675 | D:5      | Found Tamenoaq's Jewellery Shoppe.
  3689 | D:5      | Reached XP level 6. HP: 19/47 MP: 6/6
  3808 | D:5      | Noticed Prince Ribbit
  3810 | D:5      | Noticed Edmund
  3815 | D:5      | Noticed a water moccasin
  3828 | D:5      | Slain by Edmund

Illustrated notes

Levels and vault maps discovered:
D:1:      mrwooster_arrival_statue_3, layout_loops_corners
D:2:      layout_basic, ebering_ecumenical_altar_sacrificial
D:3:      layout_rooms, serial_shops, shop, kennysheep_decorative_pillar
D:4:      layout_loops_ring, doesnt_xom_only_xom, gammafunk_ghost_smash
D:5:      layout_cave_pools, minmay_temple_entry_enclosed_plants, serial_shops,
          nicolae_shop_hallway_plus, kennysheep_little_box, shop,
          nicolae_shop_hallway_stairs, shop, uniq_prince_ribbit1, uniq_edmund

Skill      XL: |  1  2  3  4  5 |
---------------+----------------+-----
Axes           | 3 4 5 6 |  6.2
Fighting       | |  3.0
Armour         | |  1.7
Dodging        | |  1.7

Action                   |  1- 3 |  4- 6 || total
-------------------------+-------+-------++-------
Melee: Hand axe          |   101 |    89 ||   190
       Headbutt          |     5 |    21 ||    26
       Punch             |       |     1 ||     1
Throw: Dart              |       |     1 ||     1
Invok: Berserk           |     2 |     2 ||     4
  Use: Scroll            |       |     4 ||     4
       Potion            |       |     1 ||     1
 Stab: Sleeping          |     1 |       ||     1
Armor: Animal skin       |    19 |    14 ||    33
Dodge: Dodged            |    82 |    62 ||   144

Table legend: (Time is in decaauts)
 A = Elapsed time spent in this place.
 B = Non-inter-level travel time spent in this place.
 C = Inter-level travel time spent in this place.
 D = Time resting spent in this place.
 E = Time spent auto-exploring this place.
 F = Levels seen in this place.
 G = Mean time per level.
                   A        B        C        D        E       F      G
               +--------+--------+--------+--------+--------+-----+--------+
         Total |   3890 |   3704 |    186 |    801 |   2403 |   5 |  778.0 |
       Dungeon |   3890 |   3704 |    186 |    801 |   2403 |   5 |  778.0 |
               +--------+--------+--------+--------+--------+-----+--------+

Top non-repeatable levels by time:
     D:4: 1144 daAuts
     D:2: 1127 daAuts
     D:1: 1058 daAuts
     D:3: 450 daAuts
     D:5: 110 daAuts
